 Dungeon Crawl Stone Soup version 0.29.0-11-gd7f09526c8 (webtiles) character file.

Game seed: 10286921666359974393

298 Anamonty the Changer (level 6, 0/41 HPs)
             Began as an Octopode Transmuter on Sept 3, 2022.
             Slain by an iguana (7 damage)
             ... on level 5 of the Dungeon.
             The game lasted 00:03:56 (4281 turns).

Anamonty the Changer (Octopode Transmuter)          Turns: 4281, Time: 00:03:57

Health: 0/41       AC:  1    Str: 15    XL:     6   Next: 35%
Magic:  10/10      EV: 13    Int: 18    God:
Gold:   200        SH:  0    Dex: 12    Spells: 0/10 levels left

rFire   . . .      SeeInvis .   h - +2 hand axe (venom)
rCold   . . .      Faith    .   (no shield)
rNeg    . . .      Spirit   .   (helmet restricted)
rPois   .          Reflect  .   (no amulet)
rElec   .          Harm     .   c - ring of resist corrosion
rCorr   +          Rampage  .   k - +6 ring of strength
Will    .....                   (no ring)
Stlth   ++........              (no ring)
HPRegen 0.13/turn               (no ring)
MPRegen 0.12/turn               (no ring)
                                (no ring)
                                (no ring)

@: no status effects
A: almost no armour, amphibious, 8 rings, camouflage 1, gelatinous body 1,
(nimble swimmer 1), tentacles
a: no special abilities


You were on level 5 of the Dungeon.
You visited 1 branch of the dungeon, and saw 5 of its levels.

You collected 200 gold pieces.

Inventory:

Hand Weapons
 h - a +2 hand axe of venom (weapon)
Jewellery
 c - a ring of resist corrosion (left tentacle)
 k - a +6 ring of strength (right tentacle)
Scrolls
 d - a scroll of enchant armour {unknown}
 e - 7 scrolls of identify {unknown}
 l - a scroll of teleportation {unknown}
 m - 2 scrolls of noise {unknown}
 n - a scroll of fear {unknown}
 o - a scroll of summoning {unknown}
 p - a scroll of poison {unknown}
Potions
 a - 3 potions of lignification
 b - 3 potions of haste {unknown}
 f - 2 potions of brilliance
 g - 4 potions of heal wounds
 i - a potion of flight {unknown}
 j - a potion of magic {unknown}
 q - a potion of berserk rage {unknown}
 r - a potion of might {unknown}
 s - a potion of curing {unknown}


   Skills:
 + Level 2.6 Fighting
 + Level 3.0 Dodging
 + Level 3.9 Unarmed Combat
 + Level 2.9 Spellcasting
 * Level 4.0 Transmutations


You couldn't memorise any spells.
You knew the following spells:

 Your Spells              Type           Power      Damage    Failure   Level
a - Beastly Appendage     Tmut           34%        N/A       3%          1
b - Wereblood             Tmut           17%        N/A       4%          2
c - Spider Form           Tmut/Pois      10%        N/A       22%         3
d - Ice Form              Ice/Tmut       10%        N/A       56%         4

Your spell library contained the following spells:

 Spells                   Type           Power      Damage    Failure   Level
 Magic Dart               Conj           8%         1d3       17%         1
 Summon Small Mammal      Summ           8%         N/A       17%         1
 Searing Ray              Conj           4%         2d4       26%         2
 Call Canine Familiar     Summ           2%         N/A       45%         3
 Gell's Gravitas          Tloc           2%         N/A       45%         3
 Summon Guardian Golem    Hex/Summ       2%         N/A       45%         3
 Teleport Other           Tloc           2%         N/A       45%         3
 Fulminant Prism          Conj/Hex       1%         3d6       86%         4
 Olgreb's Toxic Radiance  Pois           2%         N/A       86%         4
 Dispersal                Tloc           1%         N/A       100%        6
 Ozocubu's Refrigeration  Ice            1%         4d7       100%        7
 Ignition                 Fire           1%         3d3       100%        8


Dungeon Overview and Level Annotations

Branches:
Dungeon (5/15)
 Temple: D:4-7

Altars:
Gozag
Qazlal


Innate Abilities, Weirdness & Mutations

You cannot wear most types of armour.
You are amphibious.
You can wear up to eight rings at the same time.
Your skin changes colour to match your surroundings (Stealth+).
Your rubbery body absorbs attacks. (AC +1, EV +1)
((You are camouflaged when in or above water. (Stealth+)))
You have tentacles for arms and can constrict up to eight enemies at once.


Message History

A scorpion is nearby!
Found a whip.
Casting: Spider Form (quite dangerous; 22% risk of failure)
Confirm with . or Enter, or press ? or * to list all spells.
The spell is quite dangerous to miscast (22% risk of failure)!
Continue anyway?
You turn into a venomous arachnid creature.
Your +2 hand axe of venom melds into your body.
Your +2 hand axe of venom stops dripping with poison.
You bite the scorpion!
The scorpion is poisoned.
The scorpion is heavily wounded.
The scorpion stings you.
You barely miss the scorpion.
The scorpion is severely wounded.
The scorpion misses you. The scorpion completely misses you.
You hit the scorpion but do no damage.
The scorpion looks as sick as possible!
The scorpion is almost dead.
You kill the scorpion!
Your Dodging skill increases to level 3!
Your Transmutations skill increases to level 4!
You see here a scorpion corpse.
Your transformation is almost over.
Your transformation has ended.
Your +2 hand axe of venom unmelds from your body.
Your +2 hand axe of venom begins to drip with poison!
Magic restored.
An iguana comes into view.
An iguana is nearby!
The helpless iguana fails to defend itself.
You hit the iguana.
The iguana is poisoned.
Your grab misses the iguana.
The iguana is lightly wounded.
The iguana bites you! x2
You barely miss the iguana. Your grab misses the iguana.
The iguana is moderately wounded.
The iguana bites you!
* * * LOW HITPOINT WARNING * * *
You closely miss the iguana. Your grab misses the iguana.
You squeeze the iguana!
The iguana is severely wounded.
The iguana bites you!
You die...

#.##.#..
#......#
#....<#
#...#.##
#.#....#
#...#†##
#####.#
##+####.#
#.l@....#
#########


You could see an iguana (very poisoned).

Vanquished Creatures
  A scorpion (D:5)
  A jelly (D:4)
  Crazy Yiuf (D:2)
  Terence (D:3)
  Natasha (D:3)
  An iguana (D:4)
  An adder (D:2)
  2 dart slugs
  10 orcs (D:3)
  8 endoplasms
  2 giant cockroaches
  4 goblins
  11 hobgoblins
  11 kobolds
  6 quokkas
  4 ball pythons
  3 bats
  3 frilled lizards
  3 rats
74 creatures vanquished.

Notes
Turn   | Place    | Note
-------+----------+-------------------------------------------
     0 | D:1      | Anamonty the Octopode Transmuter began the quest for the
                  | Orb.
     0 | D:1      | Reached XP level 1. HP: 13/13 MP: 3/3
   395 | D:1      | Reached XP level 2. HP: 14/18 MP: 3/5
   404 | D:1      | Learned a level 2 spell: Wereblood
  1388 | D:2      | Reached XP level 3. HP: 18/23 MP: 6/6
  1392 | D:2      | Learned a level 3 spell: Spider Form
  2172 | D:2      | Found a runed translucent door.
  2173 | D:2      | Noticed Crazy Yiuf
  2379 | D:2      | Found a faded altar of an unknown god.
  2468 | D:2      | Killed Crazy Yiuf
  2469 | D:2      | Reached skill level 3 in Transmutations
  2469 | D:2      | Reached XP level 4. HP: 23/29 MP: 3/7
  2975 | D:3      | Noticed Terence
  2984 | D:3      | Killed Terence
  2985 | D:3      | Reached XP level 5. HP: 30/34 MP: 4/8
  3309 | D:3      | Noticed Natasha
  3338 | D:3      | Killed Natasha
  3768 | D:4      | Found a stormy altar of Qazlal.
  3931 | D:4      | Reached XP level 6. HP: 40/41 MP: 10/10
  3936 | D:4      | Learned a level 4 spell: Ice Form
  3965 | D:4      | Found an opulent altar of Gozag.
  4245 | D:5      | Entered Level 5 of the Dungeon
  4253 | D:5      | Reached skill level 4 in Transmutations
  4281 | D:5      | Slain by an iguana

Illustrated notes

Levels and vault maps discovered:
D:1:      matt_arrival_los_fun, layout_basic, chequers_serial_rivers_micro_c,
          minmay_misc_feat_ornament, st_stairs_13, supply_closet_lemuel,
          item_on_display_a
D:2:      layout_loops_ring, serial_aquarium, aquarium_bridge_square
          [aquarium_subvault_window, aquarium_subvault_bridge,
          aquarium_subvault_window, aquarium_subvault_window],
          aquarium_bridge_square [aquarium_subvault_bridge,
          aquarium_subvault_balcony, aquarium_subvault_bridge,
          aquarium_subvault_bridge], aquarium_window_corner, aquarium_window_3,
          aquarium_window_1, aquarium_window_2, aquarium_view_2g,
          aquarium_balcony_1a, shapermc_ecumenical_altar_mp_vishouse,
          uniq_crazy_yiuf_cottage
D:3:      layout_rooms, uniq_terence, uniq_natasha
D:4:      layout_rooms, grunt_qazlal_clouds, mainiacjoe_overflow_catwalk,
          minmay_bisected
D:5:      layout_loops_cross, minmay_temple_entry_sparse_star, serial_rivers,
          chequers_serial_rivers_small_b, chequers_serial_rivers_micro_d,
          chequers_serial_rivers_micro_a, chequers_serial_rivers_room_a,
          chequers_serial_rivers_micro_b, chequers_serial_rivers_micro_d,
          ebering_ghost_sewer_f

Skill      XL: |  1  2  3  4  5  6 |
---------------+-------------------+-----
Transmutations | 3 4 |  4.0
Fighting       | 2 |  2.6
Dodging        | 3 |  3.0
Unarmed Combat | |  3.9
Spellcasting   | |  2.9

Action                   |  1- 3 |  4- 6 || total
-------------------------+-------+-------++-------
Melee: Unarmed           |    27 |    35 ||    62
       Constrict         |    16 |    13 ||    29
       Tentacles         |    14 |    10 ||    24
       Kick              |     2 |       ||     2
       Hand axe          |    36 |    43 ||    79
       Punch             |     2 |     3 ||     5
 Cast: Beastly Appendage |     4 |       ||     4
       Spider Form       |     1 |     5 ||     6
       Wereblood         |       |     3 ||     3
  Use: Potion            |     2 |       ||     2
 Stab: Sleeping          |     8 |     6 ||    14
Armor: Skin              |     6 |     3 ||     9
Dodge: Dodged            |    33 |    39 ||    72
